[Event "Late-Titled-Tuesday-Blitz-October-03-2023"]
[Site "Chess.com"]
[Date "2023.10.03"]
[Round "5"]
[White "TheMagician"]
[Black "Aswathchess"]
[Result "1/2-1/2"]
[WhiteElo "2219"]
[BlackElo "2595"]
[TimeControl "180+1"]
[EndTime "14:55:09 PDT"]
[Termination "Game drawn by repetition"]

1. d4 Nf6 2. c4 e6 3. Nf3 d5 4.
e3 Nbd7 5. Nc3 g6 6. b3 Bg7 7. Bb2 O-O 8. Be2 b6 9. cxd5 exd5 10. O-O Re8 11. a4 Bb7 12. b4 Bf8 13. Ba3 a5 14.
bxa5 Bxa3 15. Rxa3 Rxa5 16. Nd2 Qe7 17. Ra1 c5 18.
Nb3 Raa8 19. dxc5 bxc5 20. Bb5 Red8 21. a5 Ne5 22. a6 Bc6 23. Bxc6 Nxc6 24. Na4 Ne4 25.
Qc1 c4 26. f3 Rxa6 27. fxe4 cxb3 28. exd5 Rxd5 29. Nc3 Rxa1 30. Qxa1 Qxe3+ 31. Kh1 Rd8 32. Qb2 Nd4 33. h3 h5 34. Rd1 Qe5 35. Ne2 Qxe2 36.
Qxe2 Nxe2 37. Rxd8+ Kg7 38. Rb8 Nd4 39. Rb4 Ne2 40.
Rxb3 Nd4 41. Rb7 Ne6 42. Kg1 h4 43. Ra7 g5 44. Ra4 Kg6 45. Ra6 Kf6 46. Kf2 Kg6 47.
Ke3 Kg7 48. Ke4 Kf6 49. Kd5 Kg6 50. Ra7 Kf6 51. Ke4 Kg6 52. Ke5 Nf4 53. Ra6+ Kh5 54. Ra2 Kg6 55. Rd2 f6+ 56. Ke4 Ne6 57. Rf2 Ng7 58. Kd5 Nf5 59. Ke6 Nd4+ 60. Ke7 Nf5+ 61. Ke6 Nd4+ 62. Ke7 Nf5+ 63. Ke6 1/2-1/2

[Event "Late-Titled-Tuesday-Blitz-October-03-2023"]
[Site "Chess.com"]
[Date "2023.10.03"]
[Round "5"]
[White "Levanzovsky"]
[Black "angelgab3"]
[Result "1-0"]
[WhiteElo "2465"]
[BlackElo "2563"]
[TimeControl "180+1"]
[EndTime "14:55:11 PDT"]
[Termination "Levanzovsky won by resignation"]

1. e4 e5 2. Nf3 Nc6 3. Bb5 a6 4. Ba4 Nf6 5. O-O b5 6. Bb3 Bb7 7. d3 Be7 8. a4 O-O 9. Nc3 b4 10. Nd5 Na5 11. Nxe7+ Qxe7 12. Ba2 d5 13. exd5 Bxd5 14.
Bxd5 Nxd5 15. Re1 Nc6 16. Bg5 f6 17. Bh4 Rad8 18. Bg3 Rfe8 19. Qe2 Qc5 20. Qe4 Nb6 21. h4 a5 22. h5 Nd4 23. Nxd4 Rxd4 24. Qe2 Qc6 25.
h6 g6 26. c3 bxc3 27. bxc3 Rd6 28. d4 e4 29. Bxd6 Qxd6 30. Qg4 f5 31. Qg5 Nd5 32.
c4 Qf6 33. Qxf6 Nxf6 34. Rab1 Rd8 35. d5 Ne8 36. Rb7 Rd7 37. f3 Kf7 38. fxe4 Nd6 39.
e5 Nxb7 40. e6+ Ke7 41. exd7+ Kxd7 42. Rb1 Nd6 43. c5 Ne4 44. Rb5 Nc3 45. Rxa5 Nxd5 46. Ra8 Nf6 47. Rh8 Kc6 48. Rf8 Ng4 49. Rf7 Nxh6 50. Rxh7 Ng4 51. Rg7 Kxc5 52. Rxg6 Kd5 53. Rg5 Ke4 54. a5 Ne5 55. a6 Nc6 56. Rg6 Kd5 57. Kf2 Kc5 58. Rf6 Kb6 59. Kf3 Kb5 60. Kf4 Na7 61. Rxf5+ Kxa6 62. g4 Kb6 63. g5 Nc6 64. g6 Ne7 65. g7 Nxf5 66. Kxf5 c5 67. g8=Q Kb5 68. Ke4 c4 69. Kd4 Kb6 70. Qxc4 1-0

[Event "Late-Titled-Tuesday-Blitz-October-03-2023"]
[Site "Chess.com"]
[Date "2023.10.03"]
[Round "5"]
[White "KVAIDAN"]
[Black "geordie_derraugh"]
[Result "0-1"]
[WhiteElo "2273"]
[BlackElo "2517"]
[TimeControl "180+1"]
[EndTime "14:55:15 PDT"]
[Termination "geordie_derraugh won by checkmate"]

1. f4 d5 2. Nf3 c5 3. e3 Nc6 4.
Bb5 a6 5. Bxc6+ bxc6 6. Ne5 Qd6 7. O-O g6 8. b3 f6 9. Nd3 c4 10. bxc4 dxc4 11. Ba3 Qd7 12. Nf2 Bg7 13. Qe2 f5 14. c3 Qd5 15. Bc1 Nf6 16. Na3 Be6 17. Rb1 a5 18.
Rb7 c5 19. Rb5 Bd7 20. Rb1 Bc6 21. e4 fxe4 22. Nxc4 O-O 23. Nb6 Qxa2 24. Rb2 Qe6 25. Nxa8 Rxa8 26. Nd1 a4 27. Ne3 a3 28. Rb1 a2 29. Ra1 Qb3 30. Qc4+ Qxc4 31. Nxc4 Bb5 32. Ne5 Bxf1 33. Kxf1 Nd5 34. Bb2 Nxf4 35. Nc4 Nd3 36. Ke2 Bh6 37. Ba3 Kf7 38. Rxa2 Nc1+ 39. Kd1 Nxa2 40. Bxc5 Rd8 41. Bb6 Rd5 42. Kc2 Ke6 43. h3 Rb5 44. g4 Kd5 45. Ne3+ Bxe3 46. Bxe3 Kc4 47. h4 Rb3 48. Bd4 Rb7 49. h5 gxh5 50.
gxh5 Kd5 51. h6 e5 52. Be3 Ke6 53. Bg5 Kf5 54. Be3 Rb8 55. Bc5 Kg6 56. Be3 Kf5 57.
Bc5 Ke6 58. Be3 Kd5 59. Bg5 Kc4 60. Be3 Nb4+ 61. cxb4 Rxb4 62. Bg5 Rb7 63. Bf6 Rb5 64. Bg7 Kd4 65. Bf6 Rc5+ 66. Kd1 e3 67. dxe3+ Kxe3 68. Bg5+ Kf2 69. Be7 Rd5+ 70. Kc2 e4 71. Bg5 Rxg5 72. Kc3 e3 73. Kd4 e2 74. Ke4 e1=Q+ 75. Kf4 Qe3# 0-1

[Event "Late-Titled-Tuesday-Blitz-October-03-2023"]
[Site "Chess.com"]
[Date "2023.10.03"]
[Round "5"]
[White "Bilan_Danila"]
[Black "AsaHoffmann"]
[Result "1-0"]
[WhiteElo "2537"]
[BlackElo "2379"]
[TimeControl "180+1"]
[EndTime "14:55:17 PDT"]
[Termination "Bilan_Danila won on time"]

1. d4 Nf6 2. Nf3 d6 3. Bg5 Nbd7 4. Nbd2 e5 5. e4 Be7 6. c3 c6 7. Be2 Qc7 8. O-O Nf8 9. dxe5 dxe5 10. Nc4 Ng6 11.
Bxf6 Bxf6 12. Nd6+ Ke7 13. Nf5+ Bxf5 14. exf5 Nf4 15.
g3 Nxe2+ 16. Qxe2 Rhe8 17. Nd2 Kf8 18. Ne4 Rad8 19. Rad1 Rd5 20. Rd2 Red8 21. Rfd1 Be7 22. c4 Rd4 23. Rxd4 Rxd4 24. Kg2 Qd7 25. Rxd4 Qxd4 26.
b3 f6 27. Qe3 Bb4 28. Qxd4 exd4 29. Kf3 Ke7 30. Ke2 c5 31. Kd3 b6 32. f3 Ba3 33. g4 h6 34. Ng3 Bc1 35. h4 Be3 36. Ne4 Bf4 37. a3 Kd7 38. a4 a6 39. h5 Kc6 40.
Nf2 b5 41. axb5+ axb5 42. Nh3 Be5 43. f4 Bd6 44. g5 Be7 45. gxh6 gxh6 46. Nf2 Bd6 47. Ng4 Bxf4 48. Nxf6 bxc4+ 49. bxc4 Bg5 50. Ne4 Bf4 51. Nf2 Kd6 52. Ke4 Bg5 53. Nd3 Bf6 54.
Nf4 Bg5 55. Nd5 Kd7 56. Nb6+ Kc6 57. Na4 Kd6 58. Nb2 Bf6 59. Nd3 Be7 60. Nf2 Bg5 61.
Ng4 Kc6 62. f6 Kd6 63. Kf5 d3 64. Nf2 d2 65. Kg6 Ke5 66. f7 Be7 67. Kg7 Kf4 68.
f8=Q+ Bxf8+ 69. Kxf8 Ke3 70. Nd1+ Ke2 71. Nb2 Kf3 72.
Kg7 Ke4 73. Kxh6 Kd4 74. Kg5 1-0

[Event "Late-Titled-Tuesday-Blitz-October-03-2023"]
[Site "Chess.com"]
[Date "2023.10.03"]
[Round "5"]
[White "Iball95"]
[Black "BillieKimbah"]
[Result "1/2-1/2"]
[WhiteElo "2776"]
[BlackElo "2963"]
[TimeControl "180+1"]
[EndTime "14:55:22 PDT"]
[Termination "Game drawn - insufficient material"]

1. e4 c6 2. d4 d5 3. exd5 cxd5 4.
c4 Nf6 5. Nc3 e6 6. c5 b6 7. b4 a5 8. Na4 Nbd7 9. Bb5 axb4 10. c6 Bd6 11. Nf3 O-O 12. cxd7 Nxd7 13. O-O Ra5 14.
Qe2 Qc7 15. Bd2 Qa7 16. Nb2 Rxa2 17. Rxa2 Qxa2 18. Na4 Nf6 19. Bg5 Qxe2 20. Bxe2 Ne4 21. Nxb6 Bb7 22. Rb1 Nc3 23. Rb2 Bc6 24. Ne5 Rb8 25.
Nxc6 Rxb6 26. Na5 Rb8 27. Bd3 Ra8 28. Nb3 Ra3 29. Bc2 e5 30. Be3 g6 31. f3 f5 32. Kf2 f4 33. Bc1 e4 34. fxe4 dxe4 35.
Nc5 e3+ 36. Kf3 e2 37. Kf2 f3 38. Bd2 Nd1+ 39. Ke1 Nxb2 40. gxf3 Bxh2 41. Kxe2 Nc4 42. Bxb4 Re3+ 43. Kf2 Bf4 44. Bb3 Rxb3 45. Nxb3 Nb2 46. Ke2 Nc4 47. Kd3 Nb6 48. Ke4 Bc7 49. d5 Kf7 50. Nd4 h5 51. Ne6 Bb8 52. f4 Nd7 53.
Ng5+ Ke8 54. d6 h4 55. Kd5 Nf6+ 56. Ke6 Nd7 57. Bc3 Ba7 58. Bb4 Be3 59. Nh3 Nf8+ 60.
Kf6 Bd4+ 61. Kg5 Kd7 62. f5 Be3+ 63. Kg4 gxf5+ 64. Kxf5 Bd4 65. Kg4 Ne6 66. Kxh4 Bc5 67. Bxc5 Nxc5 68. Kg4 Kxd6 1/2-1/2

[Event "Late-Titled-Tuesday-Blitz-October-03-2023"]
[Site "Chess.com"]
[Date "2023.10.03"]
[Round "5"]
[White "ameetghasi100"]
[Black "Msb2"]
[Result "0-1"]
[WhiteElo "2715"]
[BlackElo "3061"]
[TimeControl "180+1"]
[EndTime "14:55:29 PDT"]
[Termination "Msb2 won on time"]

1. Nf3 d5 2. g3 e6 3. Bg2 Nf6 4. O-O Bd6 5. d3 O-O 6. Nc3 e5 7. e4 d4 8. Nb1 c5 9. a4 Nc6 10.
Na3 Bc7 11. Nc4 Be6 12. Ng5 Bxc4 13. dxc4 h6 14. Nh3 Qc8 15. f3 Qe6 16. b3 Rad8 17. Nf2 Ba5 18. Bh3 Qe7 19. Nd3 Bc3 20. Rb1 Nb4 21. Qe2 Na2 22. Ba3 Bb4 23. Bxb4 cxb4 24. Qd2 Nc3 25. Rbe1 Rfe8 26. Bf5 a5 27. h4 g6 28. Bh3 Kg7 29. Rf2 Qc7 30. Kg2 Nd7 31.
Bxd7 Rxd7 32. h5 Qc6 33. Rh1 g5 34. g4 Nxe4 35. fxe4 Qxe4+ 36. Kg1 Qxg4+ 37. Rg2 Qf5 38. Rf2 Qh7 39. Kg2 b6 40. Rhf1 e4 41. Qe2 Rde7 42.
Ne1 Kg8 43. Rf6 d3 44. Qe3 d2 45. Qxd2 e3 46. Qe2 Qe4+ 47. Qf3 e2 48. Rf2 Qxf3+ 49. R2xf3 Rd8 50. Rd3 Rde8 51. Kf2 Re4 52. Rdf3 Rh4 53. Rxf7 Rh1 54. R7f6 Rf1+ 55. Kg2 Rxe1 56. Rg6+ Kh7 57. Rf7+ Kh8 58. Rf2 Rg1+ 59. Kxg1 e1=Q+ 60. Kg2 Qe4+ 61. Kh2 Qh4+ 62. Kg2 Qxh5 63. Rgf6 g4 64. R6f5 Qh3+ 65. Kg1 Re1+ 66. Rf1 Qg3+ 67. Kh1 Qh3+ 68. Kg1 Rxf1+ 69. Rxf1 g3 70. Rf8+ Kg7 71. Rf3 Qh2+ 72. Kf1 g2+ 73.
Ke2 g1=Q+ 74. Kd3 Qd1+ 75. Ke4 Qhxc2+ 76. Ke5 Qxf3 77. c5 Qxc5+ 78. Ke6 Qxb3+ 79. Kd7 Qxa4+ 0-1

[Event "Late-Titled-Tuesday-Blitz-October-03-2023"]
[Site "Chess.com"]
[Date "2023.10.03"]
[Round "5"]
[White "Jospem"]
[Black "jcibarra"]
[Result "1-0"]
[WhiteElo "3056"]
[BlackElo "2945"]
[TimeControl "180+1"]
[EndTime "14:55:56 PDT"]
[Termination "Jospem won on time"]

1. e4 e5 2. Nf3 Nc6 3. Bb5 a6 4. Ba4 Nf6 5. d3 d6 6. c3 g6 7. O-O Bg7 8. Re1 O-O 9. h3 Nd7 10. d4 Kh8 11. Bg5 f6 12. Bh4 Qe8 13. Bg3 Nb6 14.
Bxc6 Qxc6 15. Nbd2 Qe8 16. Rc1 Be6 17. c4 c5 18. dxc5 dxc5 19. Qe2 Bh6 20. b3 Rd8 21. Rcd1 Nd7 22. Nb1 Nb8 23. Nc3 Nc6 24. Nd5 Qf7 25. Qd3 Rd7 26. Qc3 Bg7 27. Qe3 Nd4 28. Nxd4 exd4 29. Qf3 f5 30. Nb6 fxe4 31. Qxe4 Bf5 32. Qf3 Rdd8 33. Nd5 Bc2 34. Qxf7 Rxf7 35. Rd2 Bf5 36.
Be5 g5 37. f3 b5 38. Bxg7+ Kxg7 39. Re5 bxc4 40. bxc4 Rb8 41. Ne7 Rb1+ 42. Kf2 Bd7 43. Nd5 h6 44. Nc7 Rf5 45. Re7+ Rf7 46. Rxf7+ Kxf7 47. Nxa6 Be6 48. Nxc5 Bxc4 49. Rxd4 Rb2+ 50. Kg1 Bxa2 51. Rd7+ Kg6 52. Rd6+ Kg7 53. Ne4 Bc4 54.
Ng3 Rb1+ 55. Kh2 Rb5 56. Nh5+ Kh7 57. Rc6 Bf1 58. Rc1 Bd3 59. Nf6+ Kg7 60. Ng4 Rb7 61. Rd1 Bg6 62. Rd6 h5 63. Ne5 Bf5 64. Nc4 Re7 65. Rd5 Kf6 66. Rc5 g4 67. Nd6 Bg6 68.
fxg4 hxg4 69. hxg4 Re3 70. Nf5 Rd3 71. Nh4 Be4 72.
Rc4 Ke5 73. g5 Rd8 74. Kg3 Bd5 75. Nf3+ Kf5 76. Rf4+ Kg6 77. Rf6+ Kg7 78. Nh4 Be4 79. Re6 Rd4 80. Re7+ Kf8 81. Re5 Kg7 82. Kh2 Bc2 83. g3 Rd2+ 84. Kh3 Bd3 85. Kg4 Be2+ 86. Kf4 Bc4 87.
Nf5+ Kg6 88. Ne3 Bd3 89. Re6+ Kf7 90. Rd6 Rf2+ 91. Ke5 Be2 92. Rf6+ Rxf6 93. gxf6 1-0

[Event "Late-Titled-Tuesday-Blitz-October-03-2023"]
[Site "Chess.com"]
[Date "2023.10.03"]
[Round "5"]
[White "OparinGrigoriy"]
[Black "Angry_Twin"]
[Result "1/2-1/2"]
[WhiteElo "3002"]
[BlackElo "2939"]
[TimeControl "180+1"]
[EndTime "14:55:57 PDT"]
[Termination "Game drawn by stalemate"]

1. Nf3 Nf6 2. g3 g6 3. c4 c6 4. Bg2 Bg7 5. b3 Ne4 6. d4 O-O 7. Bb2 d5 8. O-O Bf5 9. e3 a5 10. Qe2 Nd7 11. Nc3 Nxc3 12. Bxc3 Be4 13. Rfc1 a4 14. Bh3 Bxf3 15. Qxf3 e6 16. Bg2 Re8 17.
Qd1 Qe7 18. Rab1 axb3 19. Qxb3 Ra7 20. a4 Rea8 21. a5 Bf6 22. Rb2 Qe8 23. Rcb1 Bd8 24. Qc2 Bxa5 25. Rxb7 Bxc3 26. Qxc3 Rxb7 27. Rxb7 Qc8 28.
Rb1 Qa6 29. Bf1 Qa4 30. c5 e5 31. Rb7 Nf6 32. dxe5 Ne4 33. Qd4 Qxd4 34. exd4 Ra4 35. Rc7 Rxd4 36. Rxc6 Rd1 37. Kg2 Rd2 38. Rc8+ Kg7 39.
c6 Rxf2+ 40. Kg1 Rc2 41. Bd3 Rc1+ 42. Kg2 Nc5 43. Be2 d4 44. Rd8 Ne6 45. Rd6 Rc2 46. Kf1 Ng5 47. Bd3 Rc3 48. Ke2 Ne6 49. Kd2 Rc5 50. Be4 Rxe5 51. Bd5 Nc7 52. Bc4 Re7 53. Rd7 Kf8 54. Rd8+ Ne8 55. Kd3 Rc7 56. Bb5 Ke7 57. Rxd4 Nd6 58. Ba4 Ra7 59. Rb4 Kd8 60. Kd4 Kc7 61. Ke5 Ra5+ 62. Kf6 Rf5+ 63. Kg7 h5 64. Rb2 Ra5 65. Rb4 Rf5 66. Rf4 Re5 67. Rf2 h4 68.
gxh4 Re4 69. h5 gxh5 70. Bd1 h4 71. Bh5 Re5 72. Bxf7 Kxc6 73. Bg6 Kd5 74. Kf6 Re6+ 75.
Kg5 Ne4+ 76. Bxe4+ Rxe4 77. Rf8 Ra4 78. h3 Kd6 79. Re8 Kd7 80. Re3 Kd6 81. Re1 Rb4 82. Rf1 Rc4 83. Rf6+ Ke7 84. Rh6 Kf7 85. Rxh4 Rxh4 86.
Kxh4 Kg6 87. Kg4 Kh6 88. h4 Kg6 89. h5+ Kh7 90. Kg5 Kh8 91. h6 Kg8 92. Kg6 Kh8 93. h7 1/2-1/2

[Event "Late-Titled-Tuesday-Blitz-October-03-2023"]
[Site "Chess.com"]
[Date "2023.10.03"]
[Round "5"]
[White "ChristopherYoo"]
[Black "Denis_Makhnyov"]
[Result "0-1"]
[WhiteElo "2990"]
[BlackElo "2943"]
[TimeControl "180+1"]
[EndTime "14:56:05 PDT"]
[Termination "Denis_Makhnyov won by resignation"]

1. e4 e5 2. Nf3 Nc6 3. Bb5 a6 4. Ba4 Nf6 5. O-O Be7 6. d3 b5 7. Bb3 O-O 8. a4 Bb7 9. Re1 d6 10. Nbd2 Na5 11. Ba2 c5 12. Nf1 bxa4 13. Ne3 Bc8 14.
Nd5 Rb8 15. Bd2 Nc6 16. Nxf6+ Bxf6 17. Bd5 Ne7 18. Bc4 Bd7 19. b3 axb3 20. Bxb3 Qc8 21.
h3 Bb5 22. Be3 Rd8 23. Ng5 c4 24. dxc4 Bxc4 25. Qh5 Bxg5 26. Bxg5 f6 27. Be3 Bxb3 28. cxb3 Rxb3 29. Rec1 Qb7 30. Qg4 Kf7 31. Qh5+ Ng6 32. Qf5 Nf8 33. Rc4 Rb1+ 34. Rxb1 Qxb1+ 35. Kh2 Qb7 36. Bd2 Qd7 37. Qf3 d5 38. exd5 Qxd5 39. Rc7+ Kg8 40. Qxd5+ Rxd5 41. Bb4 Ne6 42. Rc6 Nd4 43.
Rxa6 h5 44. Ra7 Nf5 45. g4 hxg4 46. hxg4 Rd4 47. Ra8+ Kh7 48. Bc5 Rxg4 49. Kh3 Rf4 50. Kg2 Nh4+ 51. Kg3 Nf5+ 52. Kg2 Rc4 53. Bb6 Kg6 54.
Ra7 Nd6 55. Rd7 Ne4 56. Be3 Rc6 57. Ra7 Nd6 58. Ra4 Nf5 59. Bd2 Rc7 60. Rg4+ Kf7 61. Ra4 g5 62. Kf3 Rc6 63. Ra7+ Kg6 64. Ra8 Nh4+ 65.
Kg3 Rd6 66. Bb4 Rd3+ 67. Kh2 Kf5 68. Rf8 Rd7 69. Rh8 Ng6 70. Rh3 Rb7 71. Bc3 Nf4 72.
Re3 Rb3 73. Bd2 Rxe3 74. Bxe3 Nd3 75. Kg3 g4 76. Kh4 Ne1 77. Kg3 Nf3 78. Bc1 Ng5 79. Be3 Ne4+ 80. Kh4 Nd6 81. Kg3 Ne8 82. Kh4 Ng7 83. Bc1 Ne6 84. Be3 Ng5 85. Kg3 Nf3 86.
Bc1 Nd4 87. Be3 Ne2+ 88. Kh4 e4 89. Bd2 Nd4 90. Be3 Nc6 91. Kg3 Ne5 92. Bc1 Ke6 93.
Kf4 Nd3+ 0-1

[Event "Late-Titled-Tuesday-Blitz-October-03-2023"]
[Site "Chess.com"]
[Date "2023.10.03"]
[Round "5"]
[White "luizzy"]
[Black "Valeron87"]
[Result "1/2-1/2"]
[WhiteElo "2608"]
[BlackElo "2483"]
[TimeControl "180+1"]
[EndTime "14:56:27 PDT"]
[Termination "Game drawn by repetition"]

1. b3 e5 2. Bb2 d6 3. e3 f5 4.
d4 e4 5. c4 Nf6 6. Nc3 c6 7.
d5 c5 8. Nge2 Na6 9. Nf4 Nc7 10.
h4 Ng4 11. Be2 Ne5 12. g4 fxg4 13. Nxe4 Be7 14. h5 O-O 15. h6 g6 16. Bxe5 dxe5 17. Nd3 Bf5 18. Ng3 Bxd3 19. Qxd3 Ne8 20. Bxg4 Nd6 21.
Be6+ Kh8 22. Ne4 Nxe4 23. Qxe4 Bd6 24. Qc2 Qa5+ 25. Ke2 Rf6 26. f3 b5 27. Rab1 Rb8 28. Bg4 Rff8 29. Rhc1 Rb6 30. Qd2 b4 31. a3 Qa6 32. a4 Qb7 33. Rf1 Qe7 34. Qd3 Rbb8 35. Qe4 Qg5 36. Rh1 Rf7 37. Rbg1 Qe7 38. Be6 Rf6 39. Rf1 Rbf8 40. Rh3 Qd8 41. Qd3 a5 42. Qe4 Qe7 43. Qg4 Qc7 44. Qe4 Qb8 45. Rg3 Qc7 46. Rfg1 Qe7 47. Qh4 Qc7 48. Rh3 Qb8 49. Rf1 Qc7 50.
f4 exf4 51. e4 Be5 52. Rhf3 Qd6 53. Qg5 Re8 54. Rd1 Ref8 55. Rdd3 Re8 56. Rh3 Ref8 57.
Bg4 Re8 58. Bf3 Ref8 59. Rd1 Re8 60. Qg4 Bc3 61. Rf1 Qe5 62. Rd1 Bb2 63. Rd3 Ba3 64.
Bg2 Rd8 65. Qf3 Qb2+ 66. Rd2 Qe5 67. Qd3 Bc1 68. Rd1 Be3 69. Bf3 Rdf8 70. Ke1 Rd8 71. Rh2 Bd4 72. Qe2 Rg8 73. Qg2 g5 74. Qg4 Rfg6 75.
Rh5 Qd6 76. Qf5 Qf6 77. Bg4 Qxf5 78. Bxf5 Rf6 79. Ke2 g4 80. Rf1 f3+ 81. Kd3 f2 82. Rh2 g3 83. Rg2 Rxh6 84. Ke2 Rh2 85. Kf3 Rxg2 86.
Kxg2 h5 87. d6 Rd8 88. d7 Be5 89. Rh1 Kg7 90. Rxh5 Kf6 91. Rh6+ Kg5 92. Re6 Kf4 93. Re8 Bc7 94. Rxd8 Bxd8 95. Kf1 Ke5 96. Kg2 Kf4 97. Kf1 Ke3 98. Kg2 Kf4 1/2-1/2

[Event "Late-Titled-Tuesday-Blitz-October-03-2023"]
[Site "Chess.com"]
[Date "2023.10.03"]
[Round "6"]
[White "SaqoChess_Twitch"]
[Black "geordie_derraugh"]
[Result "1-0"]
[WhiteElo "2640"]
[BlackElo "2509"]
[TimeControl "180+1"]
[EndTime "14:58:00 PDT"]
[Termination "SaqoChess_Twitch won by resignation"]

1. d4 Nf6 2. c4 e5 3. dxe5 Ng4 4.
Nf3 Bc5 5. e3 Nc6 6. Be2 Ngxe5 7. Nxe5 Nxe5 8. O-O O-O 9. Nc3 a5 10. b3 Re8 11. Bb2 Ra6 12. Ne4 Rg6 13. Nxc5 Qg5 14. g3 Nxc4 15. Bxc4 Qxc5 16. Qd5 Qe7 17. Qxa5 c6 18. Qc7 Qg5 19. Qf4 Qh5 20. Qxf7+ 1-0

[Event "Late-Titled-Tuesday-Blitz-October-03-2023"]
[Site "Chess.com"]
[Date "2023.10.03"]
[Round "6"]
[White "protectiago"]
[Black "MalcolmPein"]
[Result "0-1"]
[WhiteElo "2056"]
[BlackElo "2292"]
[TimeControl "180+1"]
[EndTime "14:59:50 PDT"]
[Termination "MalcolmPein won by resignation"]

1. d4 c5 2. d5 Nf6 3. c4 b5 4. cxb5 a6 5. bxa6 g6 6. g3 Bxa6 7. Bg2 d6 8. Nf3 Bg7 9. O-O O-O 10. Nc3 Nbd7 11. Qc2 Ng4 12. Rd1 Qa5 13. Bg5 Rfe8 14. Qe4 Nge5 15. Nxe5 Nxe5 16. Qh4 Ra7 17. Bh6 Bf6 18. Qh3 Bc8 19. g4 Nxg4 20. Bd2 Nxf2 21. Qd3 Nxd3 0-1

[Event "Late-Titled-Tuesday-Blitz-October-03-2023"]
[Site "Chess.com"]
[Date "2023.10.03"]
[Round "6"]
[White "sofaceindisguise"]
[Black "sergoy"]
[Result "0-1"]
[WhiteElo "2820"]
[BlackElo "3008"]
[TimeControl "180+1"]
[EndTime "14:59:52 PDT"]
[Termination "sergoy won by resignation"]

1. c4 e5 2. Nc3 Nf6 3. Nf3 Nc6 4. g3 d5 5. cxd5 Nxd5 6. Bg2 Nb6 7. O-O Be7 8. b3 O-O 9. Bb2 Re8 10. Qc1 Bf8 11.
Rd1 Bg4 12. h3 Bh5 13. g4 Bg6 14. d4 exd4 15. Nb5 d3 16. exd3 Nd5 17. Nc3 Ndb4 18. Ne1 Nd4 19. a3 Nbc6 20. Rb1 Nxb3 21. Qf4 Nbd4 22.
Ne4 Ne2+ 0-1

[Event "Late-Titled-Tuesday-Blitz-October-03-2023"]
[Site "Chess.com"]
[Date "2023.10.03"]
[Round "6"]
[White "elcala"]
[Black "egnfanclub"]
[Result "0-1"]
[WhiteElo "1726"]
[BlackElo "2375"]
[TimeControl "180+1"]
[EndTime "15:00:03 PDT"]
[Termination "egnfanclub won by resignation"]

1. d4 d5 2. Nf3 Nf6 3. c4 c6 4. Nc3 e6 5. Bg5 dxc4 6. e4 b5 7. e5 h6 8. Bh4 g5 9. Bg3 Nd5 10. Be2 Nd7 11. h3 Nxc3 12. bxc3 Bb7 13. a4 a6 14. O-O c5 15. axb5 axb5 16. Qb1 Bc6 17. Qb2 Nb6 18. Rxa8 Qxa8 19. Bxc4 Nxc4 0-1

[Event "Late-Titled-Tuesday-Blitz-October-03-2023"]
[Site "Chess.com"]
[Date "2023.10.03"]
[Round "6"]
[White "Quattroporte300"]
[Black "GMJustin"]
[Result "1-0"]
[WhiteElo "2348"]
[BlackElo "2193"]
[TimeControl "180+1"]
[EndTime "15:00:09 PDT"]
[Termination "Quattroporte300 won by resignation"]

1. e4 c5 2. Nf3 e6 3. g3 b6 4. Bg2 Bb7 5. Nc3 Nc6 6. O-O Nge7 7.
d4 cxd4 8. Nxd4 Nxd4 9. Qxd4 Nc6 10. Qd1 Bc5 11. Qg4 O-O 12. Bf4 Qf6 13. e5 Qg6 14.
Qxg6 fxg6 15. Rad1 Bd4 16. Bxc6 1-0

[Event "Late-Titled-Tuesday-Blitz-October-03-2023"]
[Site "Chess.com"]
[Date "2023.10.03"]
[Round "6"]
[White "jup1978"]
[Black "emeli_chess"]
[Result "1-0"]
[WhiteElo "2498"]
[BlackElo "2369"]
[TimeControl "180+1"]
[EndTime "15:00:11 PDT"]
[Termination "jup1978 won by resignation"]

1. d4 Nf6 2. c4 e6 3. Nf3 d5 4. g3 dxc4 5. Bg2 Nc6 6. O-O Rb8 7. a4 a6 8. a5 Bd6 9. Na3 b5 10. axb6 cxb6 11. Nxc4 Nd5 12. e4 Ndb4 13. d5 exd5 14. exd5 Ne7 15. Nxd6+ Qxd6 16. Bf4 Qxd5 17.
Bxb8 Qb7 18. Bd6 a5 19. Nd4 Qa7 20. Re1 Be6 21. Nxe6 fxe6 22. Rxe6 1-0

[Event "Late-Titled-Tuesday-Blitz-October-03-2023"]
[Site "Chess.com"]
[Date "2023.10.03"]
[Round "6"]
[White "ChristopherYoo"]
[Black "Kosak12"]
[Result "1-0"]
[WhiteElo "2994"]
[BlackElo "2799"]
[TimeControl "180+1"]
[EndTime "15:00:41 PDT"]
[Termination "ChristopherYoo won by resignation"]

1. e4 c6 2. d3 d5 3. Nd2 g6 4. Ngf3 Bg7 5. e5 f6 6. d4 fxe5 7. Nxe5 Nf6 8. Bd3 O-O 9. O-O Nbd7 10. Ndf3 Ne4 11. Qe2 Ndf6 12. Ng5 Bf5 13. f3 Nd6 14.
Bxf5 Nxf5 15. Ne6 Qb6 16. c3 Rfe8 17. g4 Nd6 18. Bf4 a5 19. h4 Nf7 20. Nxf7 Kxf7 21.
Ng5+ 1-0

[Event "Late-Titled-Tuesday-Blitz-October-03-2023"]
[Site "Chess.com"]
[Date "2023.10.03"]
[Round "6"]
[White "queen_iryna"]
[Black "venturov"]
[Result "0-1"]
[WhiteElo "2360"]
[BlackElo "2496"]
[TimeControl "180+1"]
[EndTime "15:00:52 PDT"]
[Termination "venturov won by checkmate"]

1. e4 Nf6 2. e5 Nd5 3. d4 d6 4.
c4 Nb6 5. exd6 cxd6 6. Nc3 g6 7.
Be3 Bg7 8. Rc1 O-O 9. b3 Bf5 10. Nf3 Bg4 11. Be2 d5 12. c5 Nc8 13. O-O Nc6 14.
a3 e6 15. b4 N8e7 16. b5 Na5 17. Qa4 Nf5 18. Rfd1 Bxf3 19. Bxf3 Nc4 20. Ne2 Ncxe3 21.
fxe3 Nxe3 22. Rd3 Nf5 23. c6 bxc6 24. bxc6 Qg5 25. c7 Rfc8 26. Rdc3 h5 27. Kf2 h4 28. h3 Ng3 29. Nxg3 Qxg3+ 30. Kf1 Qf4 31. Qc6 Bxd4 32. Qxa8 Rxa8 33. c8=Q+ Rxc8 34. Rxc8+ Kg7 35. R8c2 Qe3 36.
a4 a5 37. Rd1 Qg1+ 38. Ke2 Qf2+ 39. Kd3 Qe3# 0-1

[Event "Late-Titled-Tuesday-Blitz-October-03-2023"]
[Site "Chess.com"]
[Date "2023.10.03"]
[Round "6"]
[White "Alexei_Gubajdullin"]
[Black "The_Straightforward_Rook"]
[Result "1-0"]
[WhiteElo "2757"]
[BlackElo "2556"]
[TimeControl "180+1"]
[EndTime "15:00:56 PDT"]
[Termination "Alexei_Gubajdullin won by resignation"]

1. d4 Nf6 2. Nf3 e6 3. Bf4 d5 4.
e3 Bd6 5. Bg3 c5 6. Nbd2 Qc7 7.
c3 Nbd7 8. Bb5 O-O 9. O-O Bxg3 10. hxg3 b6 11. a4 Bb7 12. a5 bxa5 13. Qa4 Nb6 14.
Qxa5 c4 15. Ne5 Qd6 16. b4 cxb3 17. Nxb3 Nfd7 18. Bxd7 Nxd7 19. Nxd7 Qxd7 20. Nc5 Qe7 21. Rfb1 Bc6 22. Rb4 h5 23. Rab1 g6 24. Nd3 a6 25. Rb6 Bb5 26. Nc5 Qc7 27. R6xb5 1-0

[Event "Late-Titled-Tuesday-Blitz-October-03-2023"]
[Site "Chess.com"]
[Date "2023.10.03"]
[Round "6"]
[White "Eloist"]
[Black "matagordo"]
[Result "1-0"]
[WhiteElo "2443"]
[BlackElo "2227"]
[TimeControl "180+1"]
[EndTime "15:01:01 PDT"]
[Termination "Eloist won by resignation"]

1. e4 e6 2. d4 d5 3. Nc3 Nf6 4. e5 Nfd7 5. f4 c5 6. Nf3 Nc6 7. Be3 Be7 8. Ne2 a6 9. c3 b5 10. g3 b4 11. Bh3 bxc3 12. bxc3 cxd4 13. cxd4 g6 14. O-O O-O 15. Rc1 Na5 16. g4 Nc4 17. Bf2 Qa5 18. f5 Qxa2 19. f6 Ba3 20. Rc2 Qb3 21.
Nc1 Bxc1 22. Qxc1 Qxf3 23. Bg2 Qxg4 24. Qh6 1-0

[Event "Late-Titled-Tuesday-Blitz-October-03-2023"]
[Site "Chess.com"]
[Date "2023.10.03"]
[Round "6"]
[White "Valeron87"]
[Black "Anton_Demchenko"]
[Result "0-1"]
[WhiteElo "2481"]
[BlackElo "2899"]
[TimeControl "180+1"]
[EndTime "15:01:28 PDT"]
[Termination "Anton_Demchenko won on time"]

1. e4 e5 2. Nf3 Nc6 3. d4 exd4 4.
Nxd4 Bc5 5. Nb3 Bb6 6. Nc3 d6 7. Nd5 Nf6 8. Nxb6 axb6 9. Bd3 O-O 10. O-O Re8 11. Re1 Ne5 12. h3 h6 13. Nd4 d5 14.
exd5 Nxd3 15. Rxe8+ Qxe8 16. Qxd3 Nxd5 17. Bd2 Bd7 0-1

[Event "Late-Titled-Tuesday-Blitz-October-03-2023"]
[Site "Chess.com"]
[Date "2023.10.03"]
[Round "6"]
[White "rasmussvane"]
[Black "GoldenShare"]
[Result "1-0"]
[WhiteElo "2999"]
[BlackElo "2579"]
[TimeControl "180+1"]
[EndTime "15:01:43 PDT"]
[Termination "rasmussvane won by resignation"]

1. Nf3 d5 2. g3 Bg4 3. Bg2 c6 4. O-O Nd7 5. h3 Bxf3 6. Bxf3 e5 7. d3 Ngf6 8. e4 dxe4 9. dxe4 Bc5 10. Nd2 O-O 11. Nb3 Bb6 12. Qe2 Qe7 13. a4 a5 14. Bd2 Rfd8 15. Rfd1 Nf8 16. Be1 Ne6 17.
h4 Nd7 18. Kg2 Ndc5 19. Nxc5 Qxc5 20. c3 h6 21. Bg4 Rxd1 22. Rxd1 Rd8 23. Bxe6 fxe6 24.
Rxd8+ Bxd8 25. Bd2 b5 26. Qg4 Qc4 27. Bxh6 Bf6 28. h5 Kf8 29. Qg6 Ke7 30. Bxg7 Bxg7 31.
Qxg7+ Kd6 32. Qf8+ Kc7 33. axb5 Qxe4+ 34. Qf3 Qxf3+ 35.
Kxf3 1-0